 Dungeon Crawl Stone Soup version 0.30.1-4-g462c640d31 (webtiles) character file.

Game seed: 12526760998652474568

5497 GeoRichter the Timeless (level 10, -8/92 HPs)
             Began as a Naga Venom Mage on Sept 8, 2023.
             Was a High Priest of Cheibriados.
             Mangled by a two-headed ogre
             ... wielding a +0 dire flail
              (17 damage)
             ... on level 8 of the Dungeon.
             The game lasted 00:15:47 (8181 turns).

GeoRichter the Timeless (Naga Venom Mage)           Turns: 8181, Time: 00:15:47

Health: -8/92      AC:  8    Str: 29    XL:     10   Next: 70%
Magic:  8/19       EV: 10    Int: 33    God:    Cheibriados [*****.]
Gold:   306        SH:  0    Dex: 22    Spells: 14/21 levels left

rFire   + . .        a - +4 quarterstaff of Urgency {flame, rElec rC+ Str+6 Int+3}
rCold   + . .        (shield currently unavailable)
rNeg    . . .        C - +2 robe {Will+}
rPois   +            (no helmet)
rElec   +            (no cloak)
rCorr   .            j - +1 pair of gloves
SInv    +            (no barding)
Will    ++...        (no amulet)
Stlth   +++++        r - ring of protection from fire
HPRegen 0.35/turn    I - ring of flight
MPRegen 0.16/turn

%: no passive effects
@: flying, very slow
A: AC +3, large, see invisible, deformed body, poison resistance, slowness 2,
spit poison 1, naga tail 1
a: Spit Poison, Renounce Religion, Bend Time, Temporal Distortion, Slouch, Step
From Time


You were on level 8 of the Dungeon.
You worshipped Cheibriados.
Cheibriados was extremely pleased with you.
You visited 2 branches of the dungeon, and saw 9 of its levels.
You also visited: Sewer.

You collected 390 gold pieces.
You spent 84 gold pieces at shops.

Inventory:

Hand Weapons
 a - the +4 quarterstaff of Urgency (weapon) {flame, rElec rC+ Str+6 Int+3}
   (You found it on level 3 of the Dungeon)

   Str:       It affects your strength (+6).
   Int:       It affects your intelligence (+3).
   rC:        It protects you from cold.
   rElec:     It insulates you from electricity.
 w - a +6 flail of venom
   (You took it off an orc on level 4 of the Dungeon)
Missiles
 H - 4 throwing nets {!f}
 K - a curare-tipped dart {!f}
Armour
 j - a +1 pair of gloves (worn)
   (You found it on level 1 of the Dungeon)
 C - a +2 robe of willpower (worn)
   (You took it off Sigmund on level 2 of the Dungeon)
 G - a +0 buckler
   (You found it on level 6 of the Dungeon)
Magical Staves
 b - a staff of poison
   (You found it on level 3 of the Dungeon)
Jewellery
 r - a ring of protection from fire (left hand)
   (You found it on level 2 of the Dungeon)
 I - a ring of flight (right hand)
   (You found it on level 7 of the Dungeon)
 J - an amulet of guardian spirit
   (You found it on level 6 of the Dungeon)
Wands
 s - a wand of digging (8)
   (You took it off Jessica on level 2 of the Dungeon)
 D - a wand of iceblast (7)
   (You found it on level 5 of the Dungeon)
 F - a wand of mindburst (14)
   (You found it on level 6 of the Dungeon)
Scrolls
 c - 3 scrolls of fear
 f - 2 scrolls of enchant armour
 h - a scroll of blinking
 m - 2 scrolls of amnesia
 n - 2 scrolls of noise {!r}
 o - 3 scrolls of silence
 t - 5 scrolls of teleportation {@r4}
 A - 3 scrolls of fog
Potions
 g - 4 potions of lignification {!q}
 i - 3 potions of ambrosia
 k - a potion of resistance {unknown}
 l - a potion of heal wounds {@q2}
 p - a potion of degeneration {unknown}
 q - a potion of attraction {unknown}
 u - a potion of curing {@q1}
 v - 4 potions of flight
 z - 3 potions of brilliance
 B - a potion of magic


   Skills:
 + Level 6.4 Fighting
 - Level 1.5 Dodging
 - Level 9.0 Stealth
 + Level 6.3 Spellcasting
 - Level 1.0 Transmutations
 - Level 9.2 Poison Magic
 * Level 10.2 Invocations


You had 14 spell levels left.
You knew the following spells:

 Your Spells              Type           Power      Damage    Failure   Level
b - Olgreb's Toxic Radia  Pois           63%        N/A       1%          4
c - Mephitic Cloud        Conj/Pois/Air  30%        N/A       3%          3

Your spell library contained the following spells:

 Spells                   Type           Power      Damage    Failure   Level
 Sting                    Tmut/Pois      100%       1d8       1%          1
 Poisonous Vapours        Pois/Air       80%        N/A       1%          2
 Apportation              Tloc           20%        N/A       4%          1
 Freeze                   Ice            40%        1d6       4%          1
 Necrotise                Necr           40%        1d6       4%          1
 Summon Small Mammal      Summ           40%        N/A       4%          1
 Frozen Ramparts          Ice            20%        1d4       12%         3
 Hailstorm                Conj/Ice       10%        3d5       12%         3
 Cause Fear               Hex            5%         N/A       38%         4
 Dragon Form              Tmut           8%         N/A       100%        7
 Dragon's Call            Summ           5%         N/A       100%        9


Dungeon Overview and Level Annotations

Branches:
Dungeon (8/15) Zot: 39920  Temple (1/1) D:4 Zot: 8804   Sewer (visited)
   Lair: D:8-11

Altars:
Ashenzari
Cheibriados
Dithmenos
Elyvilon
Fedhas
Gozag
Hepliaklqana
Kikubaaqudgha
Makhleb
Nemelex Xobeh
Okawaru
Qazlal
Ru
Sif Muna
Trog
Uskayaw
Vehumet
Wu Jian
Xom
Yredelemnul
Zin
The Shining One

Shops:
D:4 !


Innate Abilities, Weirdness & Mutations

Your serpentine skin is tough. (AC +3)
You have supernaturally acute eyesight. (SInv)
Armour fits poorly on your strangely shaped body.
Your system is resistant to poisons. (rPois)
You cover ground very slowly.
You can spit poison.
You have a snake-like lower body.


Message History

You kill the orc warrior!
Cheibriados thoroughly appreciates the change of pace.
You kill the orc!
Cheibriados thoroughly appreciates the change of pace.
You kill the orc!
Cheibriados thoroughly appreciates the change of pace.
Your toxic aura wanes.
A two-headed ogre comes into view.
It is wielding a +0 dire flail and a +0 giant spiked club.
Things that are here:
a +0 hand axe; a +0 plate armour
Casting: Olgreb's Toxic Radiance (mildly dangerous; 1% risk of failure)
Confirm with . or Enter, or press ? or * to list all spells.
You begin to radiate toxic energy.
The two-headed ogre shouts in stereo!
The two-headed ogre is poisoned.
Casting: Olgreb's Toxic Radiance (mildly dangerous; 1% risk of failure)
Confirm with . or Enter, or press ? or * to list all spells.
Aiming: Mephitic Cloud (mildly dangerous; 3% risk of failure)
Press: ? - help, Shift-Dir - straight line, f - two-headed ogre
Aim: a two-headed ogre, wielding a +0 dire flail and a +0 giant spiked club (lightly wounded, poisoned, chance to affect: 53%)
The ball explodes into a vile cloud!
The stinking cloud engulfs the two-headed ogre but does no damage.
The two-headed ogre is lightly wounded.
The stinking cloud engulfs you but does no damage.
The two-headed ogre looks even sicker.
You hear a shout!
The two-headed ogre is engulfed in noxious fumes.
The two-headed ogre appears confused.
You thump the two-headed ogre! You burn the two-headed ogre.
The two-headed ogre is moderately wounded.
The two-headed ogre looks even sicker.
The two-headed ogre is engulfed in noxious fumes.
You sock the two-headed ogre! You burn the two-headed ogre.
The two-headed ogre is severely wounded.
The two-headed ogre looks as sick as possible!
Your toxic aura wanes.
The two-headed ogre is engulfed in noxious fumes.
The two-headed ogre appears confused.
An orc comes into view. It is wielding a +0 dagger.
The two-headed ogre seems less confused.
The two-headed ogre hits you with a +0 dire flail!
The two-headed ogre hits you with a +0 giant spiked club!
The two-headed ogre hits you with a +0 dire flail!!
* * * LOW HITPOINT WARNING * * *
The two-headed ogre hits you with a +0 giant spiked club!!
* * * LOW HITPOINT WARNING * * *
You hit the two-headed ogre but do no damage.
The two-headed ogre is almost dead.
The two-headed ogre hits you with a +0 dire flail!
You die...

#.. ..4..4# ..###
######$... ...h..#
.....##......#>#
...#K.#
...........Y....
.......
................
.......
..............#
..............# .
........Oo....##..
.......<@.........
.......)..).......
..........)..)....
.....##...).......
######............
....######.....
..### ..... #.
.... . ###


You could see a two-headed ogre (very poisoned), an ice beast and an orc.

Vanquished Creatures
  2 kobold demonologists (D:8)
  A rime drake (D:8)
  Grinder (D:3)
  A polar bear (D:8)
  Sigmund (D:2)
  A wyvern (D:6)
  Eustachio (D:4)
  A hog (D:8)
  A water moccasin (D:6)
  Pargi (Sewer)
  6 ice beasts
  3 sky beasts
  2 orc warriors (D:8)
  4 black bears
  2 ogres (D:6)
  A centaur (D:7)
  2 wolves (D:8)
  A phantom (D:5)
  3 kobold brigands (D:8)
  4 bullfrogs
  3 scorpions
  3 killer bees (D:8)
  3 howler monkeys (D:8)
  2 hounds
  3 orc priests (D:5)
  A gnoll bouda (D:7)
  2 jellies
  3 sleepcaps
  Jessica (D:2)
  6 iguanas
  An orc wizard (D:5)
  4 gnolls (D:7)
  8 adders
  A shadow imp (D:6)
  A white imp (D:7)
  2 ufetubi
  A worm (D:4)
  2 dart slugs
  22 orcs
  10 ball pythons
  7 endoplasms
  7 giant cockroaches
  7 goblins
  8 hobgoblins
  4 jackals (D:4)
  8 kobolds
  3 quokkas
  2 bats (D:2)
  7 frilled lizards
  7 rats
178 creatures vanquished.

Notes
Turn   | Place    | Note
-------+----------+-------------------------------------------
     0 | D:1      | GeoRichter the Naga Venom Mage began the quest for the Orb.
     0 | D:1      | Reached XP level 1. HP: 15/15 MP: 3/3
   226 | D:1      | Reached XP level 2. HP: 11/22 MP: 0/5
  1142 | D:1      | Reached skill level 5 in Poison Magic
  1190 | D:1      | Reached XP level 3. HP: 28/28 MP: 4/6
  1391 | D:2      | Noticed Sigmund
  2068 | D:2      | Noticed Jessica
  2076 | D:2      | Killed Jessica
  2077 | D:2      | Reached XP level 4. HP: 25/36 MP: 1/7
  2544 | D:3      | Noticed Grinder
  2651 | D:3      | Found a faded altar of an unknown god.
  2706 | D:3      | Identified the +4 quarterstaff of Urgency {flame, rElec rC+
                  | Str+6 Int+3}
  2873 | D:3      | Learned a level 4 spell: Olgreb's Toxic Radiance
  3148 | D:4      | Found a staircase to the Ecumenical Temple.
  3170 | D:4      | Reached skill level 5 in Stealth
  3170 | D:4      | Reached XP level 5. HP: 35/42 MP: 3/8
  3180 | Temple   | Entered the Ecumenical Temple
  3261 | Temple   | Became a worshipper of Cheibriados the Contemplative
  3312 | D:4      | Noticed Eustachio
  3331 | D:4      | HP: 1/42 [iguana (13)]
  3370 | D:4      | Killed Eustachio
  3371 | D:4      | Reached XP level 6. HP: 18/49 MP: 2/9
  3480 | D:4      | Found a glowing drain.
  3484 | Sewer    | Entered a sewer
  3555 | Sewer    | Noticed Pargi
  3564 | Sewer    | Killed Pargi
  3564 | Sewer    | Reached * piety under Cheibriados
  4105 | D:4      | Found Sysyal's Distillery.
  4109 | D:4      | Bought a potion of curing for 42 gold pieces
  4109 | D:4      | Bought a potion of curing for 42 gold pieces
  4189 | D:4      | Found a glowing silver altar of Zin.
  4189 | D:4      | Found a white marble altar of Elyvilon.
  4189 | D:4      | Found a glowing golden altar of the Shining One.
  4362 | D:2      | Killed Sigmund
  4363 | D:2      | Reached XP level 7. HP: 47/55 MP: 1/10
  4498 | D:3      | Paralysed by Grinder for 5 turns
  4504 | D:3      | Killed Grinder
  4505 | D:3      | Reached skill level 1 in Fighting
  4505 | D:3      | Reached skill level 2 in Invocations
  4611 | D:5      | Entered Level 5 of the Dungeon
  4620 | D:5      | Reached XP level 8. HP: 63/64 MP: 3/11
  4807 | D:5      | Reached skill level 3 in Invocations
  4872 | D:5      | Reached ** piety under Cheibriados
  4887 | D:5      | Reached skill level 4 in Invocations
  5259 | D:5      | Reached skill level 5 in Invocations
  5877 | D:6      | Noticed a wyvern
  5879 | D:6      | Reached XP level 9. HP: 65/76 MP: 5/14
  5980 | D:6      | Reached skill level 6 in Invocations
  6006 | D:6      | Learned a level 3 spell: Mephitic Cloud
  6391 | D:6      | Reached *** piety under Cheibriados
  6392 | D:6      | Reached skill level 7 in Invocations
  6562 | D:6      | You fall into a shaft and drop 1 floor!
  6752 | D:6      | Reached skill level 5 in Spellcasting
  6850 | D:6      | Reached skill level 5 in Fighting
  6990 | D:7      | Reached skill level 8 in Invocations
  7337 | D:7      | Reached XP level 10. HP: 81/88 MP: 12/18
  7496 | D:7      | Found a sacrificial altar of Ru.
  7702 | D:8      | Noticed a kobold demonologist
  7705 | D:8      | Reached **** piety under Cheibriados
  7705 | D:8      | Noticed a kobold demonologist
  7707 | D:8      | Noticed a kobold demonologist
  7710 | D:8      | Killed a kobold demonologist
  7711 | D:8      | Reached skill level 9 in Invocations
  7711 | D:8      | Killed a kobold demonologist
  7962 | D:8      | Reached ***** piety under Cheibriados
  7963 | D:8      | Reached skill level 10 in Invocations
  8172 | D:8      | Noticed a two-headed ogre
  8181 | D:8      | Mangled by a two-headed ogre

Illustrated notes

Levels and vault maps discovered:
D:1:      psy_arrival_radial02, layout_basic
D:2:      layout_loops_ring, st_stairs_3,
          nicolae_concentric_dashed_squares_mild, uniq_jessica, uniq_sigmund
D:3:      layout_rooms, dreamdust_ecumenical_altar_statues, uniq_grinder
D:4:      layout_rooms, good_gods_mini_temple, minmay_temple_entry_waves,
          gup_sewer_entry_bowl, serial_shops, nicolae_shop_back_alley_shop,
          hangedman_decor_riveting, uniq_eustachio
D:5:      layout_loops_ring, st_stairs_1
D:6:      layout_cave_pools
D:7:      layout_basic, nicolae_overflow_hidden_temple, hangedman_decor_growths,
          kennysheep_donut
D:8:      layout_rooms, hellmonk_lair_entry_icy
Temple:   regret_index_temple_chain_breaker

Skill      XL: |  1  2  3  4  5  6  7  8  9 10 |
---------------+-------------------------------+-----
Poison Magic   | 5 6 7 9 |  9.2
Stealth        | 4 5 6 7 8 9 |  9.0
Fighting       | 1 3 5 6 |  6.4
Invocations    | 2 5 8 10 | 10.2
Spellcasting   | 3 5 6 |  6.3
Dodging        | |  1.5
Transmutations | |  1.0

Action                     |  1- 3 |  4- 6 |  7- 9 | 10-12 || total
---------------------------+-------+-------+-------+-------++-------
  Melee: Unarmed           |     8 |       |       |       ||     8
         Short sword       |     8 |       |       |       ||     8
         Quarterstaff      |       |    35 |   123 |    39 ||   197
   Cast: Sting             |    68 |    36 |     9 |       ||   113
         Olgreb's Toxic Ra |       |    21 |    44 |    20 ||    85
         Mephitic Cloud    |       |       |     1 |     1 ||     2
  Evoke: Wand              |       |     1 |       |       ||     1
    Use: Scroll            |       |    11 |     1 |    12 ||    24
         Potion            |       |     6 |     2 |       ||     8
   Stab: Sleeping          |     1 |     2 |     1 |       ||     4
 Armour: Robe              |     7 |    20 |    73 |    28 ||   128
         Skin              |       |     5 |       |       ||     5
  Dodge: Dodged            |    13 |    26 |    84 |    34 ||   157
